 Dungeon Sprint DCSS version 0.24.0-13-gcf9b319 (webtiles) character file.

Game seed: 4725992444803430871, levelgen mode: deterministic

16030 Fang the Warrior (level 12, -2/88 HPs)
             Began as a Gargoyle Berserker on Dec 10, 2019.
             Was the Champion of Trog.
             Killed from afar by a frost giant (18 damage)
             ... with a bolt of cold
             ... in the Dungeon (Sprint V: "Ziggurat Sprint").
             The game lasted 00:03:23 (1145 turns).

Fang the Warrior (Gargoyle Berserker)               Turns: 1145, Time: 00:03:24

Health: -2/88      AC: 44    Str: 30    XL:     12   Next: 33%
Magic:  12/12      EV:  7    Int: 10    God:    Trog [******]
Gold:   0          SH: 30    Dex:  9    Spells: 11/11 levels left

rFire    + . .     SeeInvis .   a - +5 broad axe (chop)
rCold    . . .     Gourm    .   E - +18 shield of the Gong {rElec rN+ MR+ EV-5}
rNeg     + + +     Faith    .   b - +15 Maxwell's patent armour {-Cast -Tele rElec MR+ rCorr}
rPois    ∞         Spirit   .   (no helmet)
rElec    +         Reflect  .   (no cloak)
rCorr    +         Harm     .   G - +2 pair of gloves {Dex+3}
MR       ++++.     NoTele   +   (no boots) Stlth ..........NoCast +
                                o - amulet of the Voivode {RegenMP rF+ MR+ Int-3 Slay+4}
HPRegen  0.24/turn              D - +6 ring of strength
MPRegen  0.38/turn              g - ring of Soibrausm {rN+ MR+ rCorr Int+3 Dex-3}

@: berserk cooldown, slowed, very slow
A: negative energy resistance 1, electricity resistance, unbreathing,
petrification resistance, rot immunity, AC +8
a: Berserk, Trog's Hand, Brothers in Arms, Renounce Religion


You were in the Dungeon.
You worshipped Trog.
Trog was exalted by your worship.
You were hungry.

You visited 1 branch

Inventory:

Hand Weapons
 a - a +5 broad axe of chopping (weapon)
 z - the +9 war axe "Beastslayer" {elec, rPois}
   (You found it in the Dungeon)

   Occasionally, upon striking a foe, it will discharge some electrical energy
   and cause terrible harm.
   It protects you from poison.
 A - a +2 broad axe of freezing
Armour
 b - the +15 Maxwell's patent armour (worn) {-Cast -Tele rElec MR+ rCorr}
   (You found it in the Dungeon)

   It insulates you from electricity.
   It affects your resistance to hostile enchantments.
   It prevents spellcasting.
   It prevents most forms of teleportation.
   It provides partial protection from all sources of acid and corrosion.
 E - the +18 shield of the Gong (worn) {rElec rN+ MR+ EV-5}
   (You found it in the Dungeon)

   It affects your evasion (-5).
   It insulates you from electricity.
   It protects you from negative energy.
   It affects your resistance to hostile enchantments.
 G - a +2 pair of gloves of dexterity (worn)
Jewellery
 g - the ring of Soibrausm (right hand) {rN+ MR+ rCorr Int+3 Dex-3}
   (You found it in the Dungeon)

   [ring of resist corrosion]

   It affects your intelligence (+3).
   It affects your dexterity (-3).
   It protects you from negative energy.
   It affects your resistance to hostile enchantments.
   It provides partial protection from all sources of acid and corrosion.
 o - the amulet of the Voivode (around neck) {RegenMP rF+ MR+ Int-3 Slay+4}
   (You found it in the Dungeon)

   [amulet of magic regeneration]

   It increases your magic regeneration.
   It affects your intelligence (-3).
   It affects your accuracy and damage with ranged weapons and melee attacks
   (+4).
   It protects you from fire.
   It affects your resistance to hostile enchantments.
 y - the ring "Mecuc" {rC+ Dex+4}
   (You found it in the Dungeon)

   [ring of protection from cold]

   It affects your dexterity (+4).
   It protects you from cold.
 C - a +4 ring of intelligence
 D - a +6 ring of strength (left hand)
 F - the amulet "Cummirph" {Harm *Drain rC+ Str+4}
   (You found it in the Dungeon)

   [amulet of harm]

   It increases damage dealt and taken.
   It affects your strength (+4).
   It protects you from cold.
   It causes draining when unequipped.
Wands
 u - a wand of disintegration (7)
 v - a wand of iceblast (7)
 w - a wand of acid (7)
Scrolls
 i - 4 scrolls of blinking
 j - 7 scrolls of fog
 k - a scroll of holy word
 l - 5 scrolls of identify
 m - 5 scrolls of remove curse
 n - 2 scrolls of fear
 x - 4 scrolls of enchant armour
Potions
 d - 10 potions of curing
 e - 10 potions of heal wounds
 f - 6 potions of haste
 h - 3 potions of berserk rage
 p - 2 potions of invisibility
 q - 4 potions of resistance
 r - a potion of experience
 s - 5 potions of agility
 t - 6 potions of might
Comestibles
 c - 7 rations
 B - 2 chunks of flesh


   Skills:
 + Level 16.0 Fighting
 + Level 13.8 Axes
 + Level 15.8 Armour
 + Level 12.6 Dodging
 + Level 9.7 Shields


You had 11 spell levels left.
You didn't know any spells.
Your spell library was empty.

Dungeon Overview and Level Annotations

Branches:
Dungeon (1/1)

Altars:
Ashenzari
Cheibriados
Dithmenos
Elyvilon
Fedhas
Gozag
Hepliaklqana
Kikubaaqudgha
Makhleb
Nemelex Xobeh
Okawaru
Qazlal
Ru
Sif Muna
Trog
Uskayaw
Vehumet
Wu Jian
Xom
Yredelemnul
Zin
The Shining One
Beogh
Jiyva
Lugonu

Annotations:
D 1 transporter


Innate Abilities, Weirdness & Mutations

You are resistant to torment.
Your stone body is resilient. (AC +8)
You are immune to poison.
You resist negative energy. (rN+)
You are resistant to electric shocks. (rElec)
You can survive without breathing.
You are immune to petrification.
You are immune to rotting.


Message History

You block the frost giant's attack.
GONNNNG!
You block the ice beast's attack.
SHROANNG!
The frost giant casts a spell at you. The bolt of cold hits you!!
* * * LOW HITPOINT WARNING * * *
You block the frost giant's attack.
BONNNG!
You slice the frost giant!!
You kill the frost giant!
Trog accepts your kill.
Trog appreciates your killing of a magic user.
Your Fighting skill increases to level 16!
You hit the ice beast. You slice the frost giant!! You slash the frost giant!
You block the ice beast's attack.
BONNNG!
The frost giant points at you and mumbles some strange words.
The bolt of cold hits you!!
You die...

▓▓▓▓▓▓▓▓▓▓▓▓
▓...8©8...▓...8©8...▓.
▓..}}))}..▓..}..:[..▓.
▓..=})}:..▓...|.:)..▓.
▓.........▓.........▓.
▓.........▓.........▓.
▓.........▓.........▓.
▓...CC....▓...†)....▓.
▓...)@....▓...÷))...▓.
▓.▓.Y...▓.▓.▓.....▓.▓.
▓....©....▓....©....▓▓
▓▓▓▓▓▓▓▓▓▓▓▓▓▓▓▓▓▓▓▓▓


You could see 2 frost giants and an ice beast.

Vanquished Creatures
  A frost giant (D)
  3 blizzard demons (D)
  An ice dragon (D)
  An anaconda (D)
  A naga warrior (D)
  A spriggan (D)
  A glowing orange brain (D)
  3 ugly things (D)
  A worldbinder (D)
  5 draconians (D)
  A black mamba (D)
  A guardian serpent (D)
  2 efreet (D)
  2 rime drakes (D)
  An ice devil (D)
  A large abomination (D)
  A polar bear (D)
  A hornet (D)
  6 air elementals (D)
  A chaos spawn (D)
  A steam dragon (D)
  A naga (D)
  A water moccasin (D)
  A small abomination (D)
  2 swamp drakes (D)
  2 hell hounds (D)
  A phantom (D)
  3 black bears (D)
  2 wolves (D)
  A necrophage (D)
  A tengu (shapeshifter) (D)
  A bullfrog (shapeshifter) (D)
  A crimson imp (D)
  A quasit (D)
  4 adders (D)
  A white imp (D)
  An ufetubus (D)
  An adder skeleton (D)
  4 ball pythons (D)
  3 giant cockroach zombies (D)
  A fire vortex (D)
69 creatures vanquished.

Vanquished Creatures (others)
  2 hell hogs (D)
  A spatial maelstrom (D)
  2 insubstantial wisps (D)
5 creatures vanquished.

Grand Total: 74 creatures vanquished

Notes
Turn   | Place    | Note
-------+----------+-------------------------------------------
     0 | D        | Fang the Gargoyle Berserker began the quest for the Orb.
     0 | D        | Reached XP level 1. HP: 14/14 MP: 1/1
     0 | D        | Found a blossoming altar of Fedhas.
     1 | D        | Found the +6 Majin-Bo {vamp, Archmagi MP+6 Int+6}
     1 | D        | Found the +7 great mace "Firestarter" {inner flame, rF++}
     2 | D        | Found a viscous altar of Jiyva.
     2 | D        | Found a transporter.
     2 | D        | Found a hazy altar of Hepliaklqana.
     2 | D        | Found an ancient bone altar of Kikubaaqudgha.
     2 | D        | Found an opulent altar of Gozag.
     2 | D        | Found a corrupted altar of Lugonu.
     6 | D        | Banished a spatial maelstrom
    17 | D        | Found a burning altar of Makhleb.
    19 | D        | Found an iron altar of Okawaru.
    19 | D        | Found a sparkling altar of Nemelex Xobeh.
    19 | D        | Found a stormy altar of Qazlal.
    19 | D        | Found a sacrificial altar of Ru.
    19 | D        | Found a shimmering blue altar of Sif Muna.
    24 | D        | Found the +9 heavy crossbow "Sniper" {velocity, Acc+∞ SInv}
    24 | D        | Found the +10 dark maul {crush}
    24 | D        | Found the +15 Maxwell's patent armour {-Cast -Tele rElec
                  | MR+ rCorr}
    24 | D        | Found the +18 shield of the Gong {rElec rN+ MR+ EV-5}
    24 | D        | Found the cursed +14 obsidian axe {chop, +Fly SInv *Curse}
    30 | D        | Found a bloodstained altar of Trog.
    75 | D        | Entered arena 2.
    75 | D        | Noticed a draconian
    75 | D        | Noticed a draconian
    75 | D        | Found a transporter.
    87 | D        | Killed a draconian
    87 | D        | Reached skill level 8 in Fighting
    87 | D        | Reached XP level 2. HP: 26/26 MP: 2/2
    87 | D        | Reached XP level 3. HP: 30/30 MP: 3/3
    87 | D        | Reached XP level 4. HP: 36/36 MP: 4/4
    87 | D        | Reached XP level 5. HP: 40/40 MP: 5/5
    87 | D        | Reached XP level 6. HP: 45/45 MP: 6/6
    90 | D        | Killed a draconian
    90 | D        | Reached skill level 9 in Fighting
    90 | D        | Reached XP level 7. HP: 51/51 MP: 7/7
   152 | D        | Entered arena 3.
   152 | D        | Noticed a draconian
   152 | D        | Noticed a draconian
   152 | D        | Noticed a draconian
   152 | D        | Found a transporter.
   163 | D        | Killed a draconian
   163 | D        | Reached ** piety under Trog
   163 | D        | Reached skill level 10 in Fighting
   163 | D        | Reached XP level 8. HP: 57/57 MP: 8/8
   168 | D        | Killed a draconian
   168 | D        | Reached skill level 10 in Armour
   176 | D        | Killed a draconian
   176 | D        | Reached skill level 11 in Fighting
   176 | D        | Reached XP level 9. HP: 64/64 MP: 9/9
   230 | D        | Entered arena 4.
   230 | D        | Noticed a rime drake
   230 | D        | Found a transporter.
   235 | D        | Reached *** piety under Trog
   236 | D        | Killed a rime drake
   236 | D        | Reached skill level 10 in Axes
   373 | D        | Entered arena 5.
   373 | D        | Found a transporter.
   376 | D        | Reached **** piety under Trog
   390 | D        | Entered arena 6.
   390 | D        | Noticed a purple ugly thing
   390 | D        | Noticed a white ugly thing
   390 | D        | Noticed a green ugly thing
   390 | D        | Found a transporter.
   395 | D        | Killed a green ugly thing
   395 | D        | Reached skill level 12 in Fighting
   399 | D        | Killed a purple ugly thing
   399 | D        | Reached ***** piety under Trog
   401 | D        | Killed a white ugly thing
   401 | D        | Reached XP level 10. HP: 72/72 MP: 10/10
   406 | D        | Reached skill level 10 in Dodging
   485 | D        | Entered arena 7.
   486 | D        | Found a transporter.
   493 | D        | Received a gift from Trog
   506 | D        | Entered arena 8.
   506 | D        | Noticed a spriggan rider
   507 | D        | Found a transporter.
   513 | D        | Received a gift from Trog
   513 | D        | Reached skill level 13 in Fighting
   523 | D        | Killed a spriggan rider
   523 | D        | Reached ****** piety under Trog
   562 | D        | Entered arena 9.
   562 | D        | Noticed a hell hog
   562 | D        | Noticed a hell hog
   565 | D        | Found a transporter.
   569 | D        | Killed a hell hog
   572 | D        | Killed a hell hog
   575 | D        | Reached skill level 14 in Fighting
   575 | D        | Reached XP level 11. HP: 24/80 MP: 11/11
   576 | D        | Received a gift from Trog
   719 | D        | Got the ring of Soibrausm {rN+ MR+ rCorr Int+3 Dex-3}
   734 | D        | Entered arena 10.
   735 | D        | Found a transporter.
   745 | D        | Reached skill level 5 in Shields
   748 | D        | Received a gift from Trog
   900 | D        | Entered arena 11.
   900 | D        | Noticed a glowing orange brain
   900 | D        | Noticed a worldbinder
   901 | D        | Found a transporter.
   905 | D        | Killed a worldbinder
   914 | D        | Killed a glowing orange brain
   914 | D        | Received a gift from Trog
   924 | D        | Got the amulet of the Voivode {RegenMP rF+ MR+ Int-3
                  | Slay+4}
   932 | D        | Got the ring "Mecuc" {rC+ Dex+4}
   934 | D        | Got the +9 war axe "Beastslayer" {elec, rPois}
  1054 | D        | Entered arena 12.
  1054 | D        | Noticed a naga warrior
  1055 | D        | Noticed an anaconda
  1056 | D        | Found a transporter.
  1061 | D        | Received a gift from Trog
  1063 | D        | Killed an anaconda
  1063 | D        | Reached skill level 15 in Fighting
  1068 | D        | Killed a naga warrior
  1068 | D        | Reached skill level 15 in Armour
  1114 | D        | Got the amulet "Cummirph" {Harm *Drain rC+ Str+4}
  1128 | D        | Entered arena 13.
  1128 | D        | Noticed a blizzard demon
  1128 | D        | Noticed a blizzard demon
  1128 | D        | Noticed an ice dragon
  1128 | D        | Noticed a frost giant
  1129 | D        | Noticed a blizzard demon
  1129 | D        | Noticed a frost giant
  1129 | D        | Noticed a frost giant
  1131 | D        | Found a transporter.
  1134 | D        | Received a gift from Trog
  1136 | D        | Killed a blizzard demon
  1139 | D        | Killed a blizzard demon
  1139 | D        | Reached XP level 12. HP: 88/88 MP: 12/12
  1142 | D        | Killed a blizzard demon
  1142 | D        | Killed an ice dragon
  1144 | D        | Received a gift from Trog
  1145 | D        | Killed a frost giant
  1145 | D        | Reached skill level 16 in Fighting
  1145 | D        | Killed from afar by a frost giant

Levels and vault maps discovered:
D:        sprint_v [room_start, room_1, room_2, room_3, room_4, room_5, room_6,
          room_7, room_8, room_9, room_10, room_11, room_12, room_13, room_14,
          room_15, room_16, room_17, room_18, room_19, room_20, room_21,
          room_22, room_23, room_24, room_25, room_26, room_27]

Skill      XL: |  1  2  3  4  5  6  7  8  9 10 11 12 |
---------------+-------------------------------------+-----
Fighting       | 8 9 10 11 12 14 15 16 | 16.0
Axes           | 6 8 9 10 12 13 | 13.8
Armour         | 7 9 11 12 13 15 | 15.8
Dodging        | 6 7 8 9 11 12 | 12.6
Shields        | 3 8 9 |  9.7

Action                   |  1- 3 |  4- 6 |  7- 9 | 10-12 || total
-------------------------+-------+-------+-------+-------++-------
Melee: Broad axe         |    11 |     3 |    41 |    88 ||   143
Invok: Berserk           |     1 |       |     3 |     6 ||    10
       Trog's Hand       |       |       |       |     1 ||     1
  Use: Scroll            |       |       |     2 |     2 ||     4
  Eat: Chunk             |       |       |     1 |     5 ||     6
       Ration            |       |       |       |     1 ||     1
Armor: Plate armour      |     2 |       |    14 |    43 ||    59
Dodge: Dodged            |       |       |     2 |    20 ||    22
Block: Shield            |    14 |     2 |    58 |   138 ||   212
